 Dungeon Sprint DCSS version 0.26-a0-757-g626ac9e51a (webtiles) character file.

Game seed: 183737622167652724

43434 rocky1 the Gelid (level 14, -4/91 HPs)
             Began as a Gargoyle Ice Elementalist on Nov 8, 2020.
             Was an Elder of Sif Muna.
             Slain by an angel
             ... wielding a +1 whip of holy wrath
              (12 damage)
             ... in the Dungeon (Sprint VII: "The Pits").
             The game lasted 00:42:21 (4517 turns).

rocky1 the Gelid (Gargoyle Ice Elementalist)        Turns: 4517, Time: 00:42:23

Health: -4/91      AC: 22    Str: 13    XL:     14   Next: 24%
Magic:  13/31      EV: 16    Int: 20    God:    Sif Muna [****..]
Gold:   0          SH:  0    Dex: 10    Spells: 12/39 levels left

rFire    + . .     SeeInvis +   x - staff of cold
rCold    + + .     Faith    .   (no shield)
rNeg     + . .     Spirit   .   v - +0 troll leather armour
rPois    ∞         Reflect  .   (no helmet)
rElec    +         Harm     .   m - +0 cloak
rCorr    .         Rampage  .   n - +0 pair of gloves
MR       +....     NoTele   +   (no boots)
Stlth    ++........             y - amulet of magic regeneration
HPRegen  0.65/turn              l - +3 ring of protection
MPRegen  0.47/turn              h - ring of Free Will {rF+ rC+ SInv}

@: hasted, glowing, very quick
A: big wings, negative energy resistance 1, electricity resistance, unbreathing,
petrification resistance, rot immunity, AC +10
a: Fly, Channel Magic, Forget Spell, Divine Exegesis, Renounce Religion


You were in the Dungeon.
You worshipped Sif Muna.
Sif Muna was greatly pleased with you.
You visited 1 branch

Inventory:

Hand Weapons
 r - a +2 dire flail of protection
 s - a +4 quarterstaff of speed
 t - a +1 vorpal broad axe
 u - a +2 scimitar of flaming
Armour
 g - a +1 robe of magic resistance
 m - a +0 cloak (worn)
 n - a +0 pair of gloves (worn)
 v - a +0 troll leather armour (worn)
 w - +0 steam dragon scales
Magical Staves
 x - an uncursed staff of cold (weapon)
 A - an uncursed staff of earth
 C - an uncursed staff of fire
Jewellery
 a - a +3 ring of strength
 h - the ring of Free Will (right hand) {rF+ rC+ SInv}
   (You took it off an efreet in the Dungeon)

   [ring of see invisible]

   It protects you from fire.
   It protects you from cold.
   It lets you see invisible.
 l - a +3 ring of protection (left hand)
 y - an amulet of magic regeneration (around neck)
Scrolls
 i - 3 scrolls of remove curse
 j - 4 scrolls of amnesia
 k - a scroll of summoning
Potions
 b - 2 potions of invisibility
 c - 8 potions of curing
 e - a potion of haste
 f - 4 potions of magic
 o - 2 potions of berserk rage
 p - 2 potions of brilliance
 q - a potion of mutation
Miscellaneous
 z - a phantom mirror
 B - a lightning rod (4/4)
 D - a phial of floods


   Skills:
 + Level 11.8 Fighting
 + Level 11.0(11.4) Maces & Flails
 + Level 4.7(8.6) Staves
 + Level 11.0 Armour
 + Level 9.5 Dodging
 - Level 8.2 Stealth
 - Level 13.4 Spellcasting
 - Level 14.8 Conjurations
 - Level 3.2 Translocations
 - Level 10.2 Fire Magic
 + Level 16.6 Ice Magic
 - Level 7.9 Air Magic
 + Level 13.0 Invocations


You had 12 spell levels left.
You knew the following spells:

 Your Spells              Type           Power        Failure   Level
b - Frozen Ramparts       Ice            ######       1%          3
c - Ozocubu's Armour      Ice            #######.     1%          3
d - Hailstorm             Conj/Ice       #######.     1%          4
e - Freezing Cloud        Conj/Ice/Air   #######...   4%          6
f - Ozocubu's Refrigerat  Ice            #######...   1%          6
g - Conjure Flame         Conj/Fire      ######..     1%          3
h - Blink                 Tloc           N/A          2%          2

Your spell library contained the following spells:

 Spells                   Type           Power        Failure   Level
 Freeze                   Ice            ####         0%          1
 Magic Dart               Conj           ####         0%          1
 Foxfire                  Conj/Fire      ####         1%          1
 Shock                    Conj/Air       ####         1%          1
 Ensorcelled Hibernation  Hex/Ice        ######       1%          2
 Poisonous Vapours        Pois/Air       ####..       1%          2
 Searing Ray              Conj           ######       1%          2
 Dazzling Flash           Conj/Hex       #####.       1%          3
 Mephitic Cloud           Conj/Pois/Air  #####...     1%          3
 Static Discharge         Conj/Air       ######..     1%          3
 Stone Arrow              Conj/Erth      #####.       1%          3
 Ice Form                 Ice/Tmut       ######..     1%          4
 Iskenderun's Mystic Bla  Conj/Tloc      #####...     1%          4
 Sticky Flame             Conj/Fire      ######..     1%          4
 Summon Ice Beast         Ice/Summ       ######..     1%          4
 Fireball                 Conj/Fire      ######....   1%          5
 Iskenderun's Battlesphe  Conj           ######..     1%          5
 Lightning Bolt           Conj/Air       ######....   1%          5
 Inner Flame              Hex/Fire       ####....     2%          3
 Airstrike                Air            #####.....   2%          4
 Fulminant Prism          Conj/Hex       #####.....   2%          4
 Bolt of Magma            Conj/Fire/Erth #####.....   5%          5
 Metabolic Englaciation   Hex/Ice        ######....   5%          5
 Starburst                Conj/Fire      ######....   5%          6
 Corona                   Hex            ##.....      6%          1
 Summon Small Mammal      Summ           ##..         6%          1
 Irradiate                Conj/Tmut      #####.....   8%          5
 Call Imp                 Summ           ##......     9%          2
 Passwall                 Tmut/Erth      ##......     9%          2
 Slow                     Hex            ##......     9%          2
 Portal Projectile        Hex/Tloc       ###...       9%          3
 Conjure Ball Lightning   Conj/Air       ######....   9%          6
 Summon Lightning Spire   Summ/Air       ####....     11%         4
 Simulacrum               Ice/Necr       ######....   28%         6
 Animate Dead             Necr           ##........   50%         4
 Cause Fear               Hex            ##........   50%         4
 Leda's Liquefaction      Hex/Erth       ##........   50%         4
 Petrify                  Tmut/Erth      ##......     50%         4
 Borgnjor's Vile Clutch   Necr/Erth      ##........   85%         5
 Summon Demon             Summ           ##........   85%         5
 Yara's Violent Unravell  Hex/Tmut       ##........   85%         5
 Spellforged Servitor     Conj/Summ      #####.....   93%         7
 Chain Lightning          Conj/Air       ######....   98%         8
 Ignition                 Fire           ######....   99%         8
 Haunt                    Necr/Summ      ##........   100%        7
 Summon Greater Demon     Summ           ##........   100%        7
 Lehudib's Crystal Spear  Conj/Erth      #####.....   100%        8
 Fire Storm               Conj/Fire      ######....   100%        9
 Shatter                  Erth           ##........   100%        9


Dungeon Overview and Level Annotations

Branches:
Dungeon (1/1)

Altars:
Ashenzari
Cheibriados
Dithmenos
Elyvilon
Fedhas
Gozag
Hepliaklqana
Kikubaaqudgha
Makhleb
Nemelex Xobeh
Okawaru
Qazlal
Ru
Sif Muna
Trog
Uskayaw
Vehumet
Wu Jian
Xom
Yredelemnul
Zin
The Shining One
Beogh
Jiyva
Lugonu


Innate Abilities, Weirdness & Mutations

You are resistant to torment.
Your stone body is resilient. (AC +10)
You are immune to poison.
Your large and strong wings let you fly indefinitely.
You resist negative energy. (rN+)
You are resistant to electric shocks. (rElec)
You can survive without breathing.
You are immune to petrification.
You are immune to rotting.


Message History

The great blast of fire engulfs the wind drake!!!
The wind drake is almost dead.
The great blast of fire engulfs the orc knight!!!
You kill the orc knight!
Sif Muna accepts your kill.
Your Maces & Flails skill increases to level 11!
The great blast of fire engulfs the naga warrior!!!
The naga warrior is moderately wounded.
Sif Muna will no longer gift you books.
You hear a shout!
The naga warrior is engulfed in blazing flames.
The spriggan defender hits you with a +1 vampiric lajatang.
* * * LOW HITPOINT WARNING * * *
The wind drake is engulfed in blazing flames.
You kill the wind drake!
Sif Muna accepts your kill.
Your Armour skill increases to level 11!
The vault guard is engulfed in blazing flames.
The angel hits you with a +1 whip of holy wrath!
You die...

.#....#..# .........# .........#
.#....#..# .........+ .........+
#''####''#
#)'####''########################
)....##.........@i☼p☼N§e.........
#)##.##..........A☼☼☼☼☼..........
#.)'.##..##############o'########
'))#.##..# #...:p...# #|.+.##..#
#.#.:.e#.# +[}#.##..#
#...N.o.n....# ##+#.##..#
#.#.#o.).#.#.# . ..##..#
#.....(......# # ####..#
#T#.#))))#.#.#


You could see an orc warlord (strong), an angel, a naga warrior, a vault guard,
a spriggan defender and a deep elf knight (invisible).

Vanquished Creatures
  A hellephant (D)
  A death cob (D)
  A nagaraja (D)
  An emperor scorpion (D)
  A war gargoyle (D)
  A green draconian (D)
  Nessos (D)
  A naga warrior (D)
  Erolcha (D)
  A rakshasa (D)
  A great orb of eyes (D)
  An ogre mage (D)
  A boulder beetle (D)
  An anaconda (D)
  3 two-headed ogres (D)
  A sun demon (D)
  Nergalle (D)
  5 hell knights (D)
  An unseen horror (D)
  A deep troll (D)
  11 orc knights (D)
  3 deep elf magi (D)
  2 salamanders (D)
  An orc sorcerer (D)
  4 elephants (D)
  Joseph (D)
  An orange demon (D)
  3 kobold demonologists (D)
  A demonic crawler (D)
  2 freezing wraiths (D)
  A rime drake (D)
  2 efreet (D)
  A komodo dragon (D)
  A hellwing (D)
  A wandering mushroom (D)
  2 trolls (D)
  A wind drake (D)
  A hornet (D)
  12 dream sheep (D)
  3 slime creatures (D)
  3 blink frogs (D)
  2 redbacks (D)
  A shadow (D)
  3 tarantellas (D)
  2 wyverns (D)
  5 yaks (D)
  A steam dragon (D)
  A neqoxec (D)
  A warg (D)
  2 nagas (D)
  2 soldier ants (D)
  A floating eye (D)
  2 orc warriors (D)
  A swamp drake (D)
  A sky beast (D)
  4 ogres (D)
  2 ice beasts (D)
  3 wolves (D)
  A centaur (D)
  A big kobold (D)
  A bullfrog (D)
  An earth elemental (D)
  A gnoll sergeant (D)
  A scorpion (D)
  A small abomination (D)
  Crazy Yiuf (D)
  A hound (D)
  A jelly (D)
  3 gnoll shamans (D)
  2 iron imps (D)
  Jessica (D)
  2 worker ants (D)
  An adder (D)
  12 gnolls (D)
  A white imp (D)
  An ufetubus (D)
  2 leopard geckos (D)
  3 orcs (D)
  A giant cockroach (D)
  A hobgoblin (D)
  6 kobolds (D)
  A quokka (D)
  A bat simulacrum (D)
  A leopard gecko simulacrum (D)
  A quokka zombie (D)
  2 rats (D)
169 creatures vanquished.

Vanquished Creatures (collateral kills)
  An orc warlord (D)
  2 orc knights (D)
3 creatures vanquished.

Vanquished Creatures (others)
  A wandering mushroom (D)
  An orc priest (D)
  A rat (D)
  9 fire vortices (D)
12 creatures vanquished.

Grand Total: 184 creatures vanquished

Notes
Turn   | Place    | Note
-------+----------+-------------------------------------------
     0 | D        | rocky1 the Gargoyle Ice Elementalist began the quest for
                  | the Orb.
     0 | D        | Reached XP level 1. HP: 10/10 MP: 3/3
    31 | D        | Found a bloodstained altar of Trog.
    31 | D        | Found a shimmering blue altar of Sif Muna.
    31 | D        | Found a viscous altar of Jiyva.
    31 | D        | Found a hazy altar of Hepliaklqana.
    31 | D        | Found an opulent altar of Gozag.
    56 | D        | Found a glowing golden altar of the Shining One.
    56 | D        | Found a glowing silver altar of Zin.
    56 | D        | Found a basalt altar of Yredelemnul.
    56 | D        | Found a shimmering altar of Xom.
    56 | D        | Found an ornate altar of the Wu Jian Council.
    56 | D        | Found a sacrificial altar of Ru.
    56 | D        | Found a stormy altar of Qazlal.
    56 | D        | Found an iron altar of Okawaru.
    56 | D        | Found a sparkling altar of Nemelex Xobeh.
    56 | D        | Found a burning altar of Makhleb.
    56 | D        | Found a blossoming altar of Fedhas.
    56 | D        | Found a white marble altar of Elyvilon.
    56 | D        | Found a shadowy altar of Dithmenos.
    56 | D        | Found a snail-covered altar of Cheibriados.
    59 | D        | Found a corrupted altar of Lugonu.
    59 | D        | Found a radiant altar of Vehumet.
    59 | D        | Found a roughly hewn altar of Beogh.
    60 | D        | Found an ancient bone altar of Kikubaaqudgha.
    60 | D        | Found a hide-covered altar of Uskayaw.
    60 | D        | Found a broken altar of Ashenzari.
    61 | D        | Became a worshipper of Sif Muna the Loreminder
   104 | D        | Noticed a worker ant
   209 | D        | Killed a worker ant
   209 | D        | Reached skill level 5 in Ice Magic
   209 | D        | Reached XP level 2. HP: 7/15 MP: 0/6
   209 | D        | Reached XP level 3. HP: 10/19 MP: 0/7
   410 | D        | Learned a level 3 spell: Frozen Ramparts
   414 | D        | Learned a level 3 spell: Ozocubu's Armour
   419 | D        | Reached * piety under Sif Muna
   535 | D        | Reached skill level 6 in Ice Magic
   575 | D        | Noticed Crazy Yiuf
   585 | D        | Killed Crazy Yiuf
   585 | D        | Reached ** piety under Sif Muna
   585 | D        | Reached skill level 7 in Ice Magic
   585 | D        | Reached XP level 4. HP: 24/24 MP: 2/10
   808 | D        | Learned a level 4 spell: Hailstorm
   820 | D        | Noticed a bullfrog
   822 | D        | Noticed a warg
   826 | D        | Reached skill level 1 in Conjurations
   826 | D        | Reached XP level 5. HP: 20/28 MP: 4/11
   830 | D        | Reached *** piety under Sif Muna
   830 | D        | Reached skill level 5 in Spellcasting
   830 | D        | Reached skill level 8 in Ice Magic
   830 | D        | Reached skill level 5 in Invocations
   831 | D        | Killed a warg
   831 | D        | Reached skill level 9 in Ice Magic
   831 | D        | Reached XP level 6. HP: 32/32 MP: 2/15
   833 | D        | Reached **** piety under Sif Muna
   833 | D        | Reached skill level 10 in Ice Magic
   835 | D        | Reached skill level 5 in Conjurations
   931 | D        | Noticed an ice beast
   938 | D        | Killed an ice beast
   938 | D        | Reached XP level 7. HP: 36/36 MP: 12/16
   983 | D        | Reached ***** piety under Sif Muna
  1018 | D        | Noticed Jessica
  1020 | D        | Killed Jessica
  1020 | D        | Reached skill level 11 in Ice Magic
  1022 | D        | Identified Sif Muna's Tome of Harmful Companions (Sif Muna
                  | gifted it to you in the Dungeon)
  1022 | D        | Received a gift from Sif Muna
  1101 | D        | Noticed a dream sheep
  1101 | D        | Noticed a dream sheep
  1101 | D        | Noticed a dream sheep
  1101 | D        | Noticed a dream sheep
  1101 | D        | Noticed a dream sheep
  1101 | D        | Noticed a dream sheep
  1106 | D        | Killed a dream sheep
  1106 | D        | Reached skill level 1 in Fighting
  1106 | D        | Reached skill level 1 in Maces & Flails
  1106 | D        | Reached skill level 1 in Armour
  1106 | D        | Reached XP level 8. HP: 34/43 MP: 11/19
  1107 | D        | Killed a dream sheep
  1108 | D        | Killed a dream sheep
  1111 | D        | Killed a dream sheep
  1111 | D        | Identified Sif Muna's Volume of Enchanting Moulding (Sif
                  | Muna gifted it to you in the Dungeon)
  1111 | D        | Received a gift from Sif Muna
  1111 | D        | Killed a dream sheep
  1114 | D        | Killed a dream sheep
  1114 | D        | Reached skill level 12 in Ice Magic
  1114 | D        | Reached XP level 9. HP: 31/52 MP: 7/21
  1114 | D        | Paralysed by a floating eye for 3 turns
  1366 | D        | Noticed a deep elf mage
  1367 | D        | Noticed an efreet
  1373 | D        | Killed an efreet
  1375 | D        | Killed a deep elf mage
  1375 | D        | Reached skill level 5 in Fighting
  1375 | D        | Reached skill level 5 in Maces & Flails
  1375 | D        | Reached skill level 5 in Armour
  1587 | D        | Noticed a sun demon
  1596 | D        | Reached skill level 10 in Invocations
  1596 | D        | Killed a sun demon
  1596 | D        | Identified Becikab's Almanac of Igneous Bewitchment (Sif
                  | Muna gifted it to you in the Dungeon)
  1596 | D        | Received a gift from Sif Muna
  1596 | D        | Reached XP level 10. HP: 60/60 MP: 17/23
  1730 | D        | Reached skill level 5 in Dodging
  1769 | D        | Noticed an elephant
  1770 | D        | Noticed an elephant
  1770 | D        | Noticed an elephant
  1783 | D        | Killed an elephant
  1784 | D        | Killed an elephant
  1785 | D        | Killed an elephant
  1977 | D        | Identified Sif Muna's Volume of Frigorific Companions (Sif
                  | Muna gifted it to you in the Dungeon)
  1977 | D        | Received a gift from Sif Muna
  1978 | D        | Reached skill level 13 in Ice Magic
  1986 | D        | Reached skill level 10 in Conjurations
  2219 | D        | Noticed an orc sorcerer
  2220 | D        | Noticed an orc knight
  2221 | D        | Noticed a deep troll
  2225 | D        | Identified Sif Muna's Tome of the Frostbite (Sif Muna
                  | gifted it to you in the Dungeon)
  2225 | D        | Received a gift from Sif Muna
  2226 | D        | Noticed a rust devil
  2228 | D        | Killed an orc sorcerer
  2229 | D        | Killed an orc knight
  2231 | D        | Reached skill level 10 in Spellcasting
  2231 | D        | Reached XP level 11. HP: 50/68 MP: 9/25
  2231 | D        | Killed a deep troll
  2349 | D        | Identified Dotatzy's Volume of Twisted Curses (Sif Muna
                  | gifted it to you in the Dungeon)
  2349 | D        | Received a gift from Sif Muna
  2352 | D        | Reached ****** piety under Sif Muna
  2427 | D        | Noticed Erolcha
  2431 | D        | Killed Erolcha
  2583 | D        | Noticed an orc knight
  2592 | D        | Killed an orc knight
  2662 | D        | Identified Sif Muna's Advanced Wizardry (Sif Muna gifted it
                  | to you in the Dungeon)
  2662 | D        | Received a gift from Sif Muna
  2705 | D        | Noticed a rakshasa
  2713 | D        | Noticed an anaconda
  2717 | D        | Killed a rakshasa
  2717 | D        | Received a gift from Sif Muna
  2717 | D        | Reached skill level 5 in Stealth
  2720 | D        | Killed an unseen horror
  2725 | D        | Reached skill level 10 in Fighting
  2818 | D        | Noticed a salamander
  2820 | D        | Noticed a naga warrior
  2826 | D        | Killed a salamander
  2826 | D        | Received a gift from Sif Muna
  2826 | D        | Reached XP level 12. HP: 71/78 MP: 6/26
  2835 | D        | Killed an anaconda
  2844 | D        | Killed a naga warrior
  2844 | D        | Reached skill level 10 in Maces & Flails
  2849 | D        | Reached skill level 10 in Armour
  2925 | D        | Identified Sif Muna's Guide on Damaging Ice (Sif Muna
                  | gifted it to you in the Dungeon)
  2925 | D        | Received a gift from Sif Muna
  2937 | D        | Learned a level 6 spell: Freezing Cloud
  2944 | D        | Learned a level 6 spell: Ozocubu's Refrigeration
  2950 | D        | Learned a level 3 spell: Conjure Flame
  2971 | D        | Noticed Nessos
  2972 | D        | Identified Sif Muna's Disquisition on Lightness and Arcane
                  | Weapons (Sif Muna gifted it to you in the Dungeon)
  2972 | D        | Received a gift from Sif Muna
  2972 | D        | Reached skill level 1 in Fire Magic
  2972 | D        | Reached skill level 1 in Air Magic
  2976 | D        | Identified Waasoig's Guide on Burning Cold (Sif Muna gifted
                  | it to you in the Dungeon)
  2976 | D        | Received a gift from Sif Muna
  2988 | D        | Killed Nessos
  3047 | D        | Reached skill level 14 in Ice Magic
  3188 | D        | Noticed an ogre mage
  3188 | D        | Noticed a two-headed ogre
  3188 | D        | Noticed a nagaraja
  3190 | D        | Noticed a hellephant
  3273 | D        | Identified Doyt's Papyrus of the Glacial Mountains (Sif
                  | Muna gifted it to you in the Dungeon)
  3273 | D        | Received a gift from Sif Muna
  3276 | D        | Killed a hellephant
  3276 | D        | Reached skill level 5 in Fire Magic
  3353 | D        | Noticed Joseph
  3369 | D        | Killed Joseph
  3398 | D        | Killed a nagaraja
  3398 | D        | Reached skill level 5 in Air Magic
  3398 | D        | Reached XP level 13. HP: 33/84 MP: 19/28
  3424 | D        | Noticed a death cob
  3428 | D        | Killed a death cob
  3538 | D        | Reached skill level 15 in Ice Magic
  3582 | D        | Identified Sif Muna's Grimoire of Confrontation and the
                  | Frostbite (Sif Muna gifted it to you in the Dungeon)
  3582 | D        | Received a gift from Sif Muna
  3671 | D        | Identified the ring of Free Will {rF+ rC+ SInv}
  3727 | D        | Noticed an emperor scorpion
  3731 | D        | Noticed a war gargoyle
  3746 | D        | Killed an emperor scorpion
  3758 | D        | Killed a war gargoyle
  3870 | D        | Noticed a great orb of eyes
  3875 | D        | Noticed Nergalle
  3883 | D        | Killed a great orb of eyes
  3896 | D        | Killed Nergalle
  3901 | D        | Identified Sif Muna's Handbook of Arcane Weapons (Sif Muna
                  | gifted it to you in the Dungeon)
  3901 | D        | Received a gift from Sif Muna
  4255 | D        | Identified Sif Muna's Handbook of the Birds (Sif Muna
                  | gifted it to you in the Dungeon)
  4255 | D        | Received a gift from Sif Muna
  4263 | D        | Learned a level 2 spell: Blink
  4323 | D        | Noticed a green draconian
  4329 | D        | Reached skill level 1 in Translocations
  4329 | D        | Reached skill level 16 in Ice Magic
  4337 | D        | Reached skill level 1 in Staves
  4341 | D        | Reached skill level 10 in Fire Magic
  4350 | D        | Killed a green draconian
  4350 | D        | Gained mutation: Your large and strong wings let you fly
                  | indefinitely. [Gargoyle growth]
  4350 | D        | Reached XP level 14. HP: 29/90 MP: 8/31
  4496 | D        | Noticed an orc warlord
  4496 | D        | Noticed an orc warlord
  4498 | D        | Noticed a spriggan defender
  4498 | D        | Identified Sif Muna's Reference Book on Congealing
                  | Conjuration (Sif Muna gifted it to you in the Dungeon)
  4498 | D        | Received a gift from Sif Muna
  4499 | D        | Noticed an angel
  4502 | D        | Identified Sif Muna's Collected Works on Excruciating
                  | Flight (Sif Muna gifted it to you in the Dungeon)
  4502 | D        | Received a gift from Sif Muna
  4504 | D        | Killed an orc warlord
  4517 | D        | Slain by an angel

Illustrated notes

Levels and vault maps discovered:
D:        pitsprint [storerooms_1, entrance_room_1, metal_vault_6, armoury_3,
          mini_pit_1, grid_room_1, main_hall_1, silver_pit, the_coven_3,
          the_vestibule_1, steel_vault_1, golden_pit, hallway_of_sentries,
          crystal_vault_2, iron_vault_4, final_vault]

Skill      XL: |  1  2  3  4  5  6  7  8  9 10 11 12 13 14 |
---------------+-------------------------------------------+-----
Spellcasting   | 3 4 6 7 8 9 10 11 13 | 13.4
Ice Magic      | 5 7 9 10 11 12 13 14 16 | 16.6
Invocations    | 2 3 4 6 7 8 9 10 11 12 13 | 13.0
Conjurations   | 1 4 5 7 8 9 10 12 14 | 14.8
Fighting       | 1 4 5 8 10 11 | 11.8
Maces & Flails | 1 3 5 7 9 10 11 | 11.0
Armour         | 1 4 5 7 9 10 11 | 11.0
Dodging        | 2 3 4 6 8 9 |  9.5
Stealth        | 6 8 |  8.2
Fire Magic     | 6 10 | 10.2
Air Magic      | 5 7 |  7.9
Translocations | 3 |  3.2
Staves         | 2 4 |  4.7

Action                   |  1- 3 |  4- 6 |  7- 9 | 10-12 | 13-15 || total
-------------------------+-------+-------+-------+-------+-------++-------
Melee: Unarmed           |    10 |       |       |       |       ||    10
       Mace              |    10 |    26 |    13 |       |       ||    49
       Dire flail        |       |       |     7 |   156 |   107 ||   270
       Staff             |       |       |       |       |    16 ||    16
 Cast: Freeze            |     4 |       |       |       |       ||     4
       Frozen Ramparts   |     2 |     3 |     4 |    23 |    12 ||    44
       Ozocubu's Armour  |     1 |     2 |     6 |    13 |     6 ||    28
       Hailstorm         |       |       |     5 |    56 |    16 ||    77
       Lehudib's Crystal |       |       |       |     3 |     3 ||     6
       Ozocubu's Refrige |       |       |       |     2 |       ||     2
       Freezing Cloud    |       |       |       |       |     3 ||     3
       Fire Storm        |       |       |       |       |     3 ||     3
Invok: Channel Magic     |       |       |     1 |     7 |     3 ||    11
       Divine Exegesis   |       |       |       |     3 |     6 ||     9
  Use: Potion            |     1 |     2 |     1 |     1 |     6 ||    11
       Scroll            |       |       |       |     1 |     1 ||     2
 Stab: Sleeping          |       |       |       |     1 |       ||     1
Armor: Robe              |     6 |    12 |    15 |    39 |       ||    72
       Troll leather arm |       |       |       |    72 |    73 ||   145
Dodge: Dodged            |    13 |    22 |    20 |   160 |   100 ||   315

Table legend: (Time is in decaauts)
 A = Elapsed time spent in this place.
 B = Non-inter-level travel time spent in this place.
 C = Inter-level travel time spent in this place.
 D = Time resting spent in this place.
 E = Time spent auto-exploring this place.
 F = Levels seen in this place.
 G = Mean time per level.
                   A        B        C        D        E       F      G
               +--------+--------+--------+--------+--------+-----+--------+
         Total |   4506 |   4506 |      0 |   2507 |      0 |   1 | 4506.0 |
       Dungeon |   4506 |   4506 |      0 |   2507 |      0 |   1 | 4506.0 |
               +--------+--------+--------+--------+--------+-----+--------+

Top non-repeatable levels by time:
       D: 4506 daAuts
